 Dungeon Crawl Stone Soup version 0.29.1-15-g9cfb28693d (webtiles) character file.

Game seed: 11689192130177559398

5303 Descartes the Shield-Bearer (level 10, -6/53 HPs)
             Began as a Vine Stalker Fighter on Apr 3, 2023.
             Was a Priest of Fedhas.
             Mangled by an orc warrior
             ... wielding a +0 war axe
              (15 damage)
             ... in a bailey.
             The game lasted 00:16:26 (7939 turns).

Descartes the Shield-Bearer (Vine Stalker Fighter)  Turns: 7939, Time: 00:16:26

Health: -6/53      AC: 17    Str: 21    XL:     10   Next: 63%
Magic:  0/28       EV:  9    Int:  6    God:    Fedhas [***...]
Gold:   607        SH: 10    Dex: 14    Spells: 20/20 levels left

rFire   . . .      SeeInvis .   a - +0 trident
rCold   + . .      Faith    .   Q - +0 kite shield
rNeg    . . .      Spirit   +   P - +4 ring mail
rPois   .          Reflect  .   F - +0 helmet
rElec   .          Harm     .   u - +1 cloak
rCorr   +          Rampage  .   (no gloves)
Will    +....                   (no boots)
Stlth   +.........              H - amulet "Okhlaot" {Spirit +Blink rC+ rCorr Int-4}
HPRegen 0.97/turn               s - +4 ring of protection
MPRegen 0.21/turn               q - ring of magical power

@: no status effects
A: fangs 3, regeneration 1, magic shield, antimagic bite, no potion heal 2
a: Renounce Religion, Evoke Blink, Wall of Briars, Grow Ballistomycete


You were in a bailey.
You worshipped Fedhas.
Fedhas was most pleased with you.
You visited 2 branches of the dungeon, and saw 10 of its levels.
You also visited: Bailey.

You collected 607 gold pieces.

Inventory:

Hand Weapons
 a - a +0 trident (weapon)
 b - a +4 short sword
 x - a +3 hand axe
 z - a +1 falchion of venom
Missiles
 r - a boomerang
 B - 21 poisoned darts (quivered)
 G - 4 silver javelins
 J - a throwing net
 L - 4 datura-tipped darts
 V - a curare-tipped dart
Armour
 u - a +1 cloak (worn)
 F - a +0 helmet (worn)
 P - a +4 ring mail (worn)
 Q - a +0 kite shield (worn)
Jewellery
 g - a ring of ice
 j - a +4 ring of protection
 q - a ring of magical power (right hand)
 s - a +4 ring of protection (left hand)
 D - a ring of wizardry
 H - the amulet "Okhlaot" (around neck) {Spirit +Blink rC+ rCorr Int-4}
   (You found it on level 4 of the Dungeon)

   [amulet of guardian spirit]

   It causes incoming damage to be divided between your reserves of health and
   magic.
   Int:       It affects your intelligence (-4).
   rC:        It protects you from cold.
   +Blink:    It lets you blink.
   rCorr:     It protects you from acid and corrosion.
 M - a ring of positive energy
 S - the amulet of Qisin {Acrobat -Tele rN+++ Str-5 Stlth+}
   (You took it off an orc wizard on level 8 of the Dungeon)

   [amulet of the acrobat]

   It increases your evasion while moving and waiting.
   Str:       It affects your strength (-5).
   rN:        It renders you almost immune to negative energy.
   -Tele:     It prevents most forms of teleportation.
   Stlth:     It makes you more stealthy.
Wands
 v - a wand of paralysis (10)
 y - a wand of mindburst (6)
 E - a wand of iceblast (27)
 K - a wand of flame (11)
 R - a wand of quicksilver (6)
 T - a wand of polymorph (8)
Scrolls
 f - 2 scrolls of enchant armour
 h - a scroll of enchant weapon
 i - 2 scrolls of blinking
 m - 4 scrolls of teleportation
 o - a scroll of poison
 p - 6 scrolls of vulnerability
 A - a scroll of torment {unknown}
 C - a scroll of fear
 N - a scroll of brand weapon
 O - a scroll of silence {unknown}
Potions
 c - a potion of invisibility {unknown}
 d - a potion of attraction {unknown}
 e - 2 potions of haste {unknown}
 k - a potion of magic {unknown}
 l - 4 potions of lignification
 n - 2 potions of berserk rage
 t - 2 potions of mutation {unknown}
 w - 5 potions of curing
 I - 2 potions of ambrosia {unknown}
 U - a potion of heal wounds {unknown}


   Skills:
 + Level 6.0 Fighting
 + Level 5.5 Polearms
 + Level 5.4 Armour
 + Level 6.0 Shields
 + Level 5.7 Spellcasting
 + Level 5.7 Invocations
 + Level 5.1 Evocations


You had 20 spell levels left.
You didn't know any spells.
Your spell library contained the following spells:

 Spells                   Type           Power      Damage    Failure   Level
 Foxfire                  Conj/Fire      4%         2x1d4     75%         1
 Blink                    Tloc           2%         N/A       87%         2
 Ensorcelled Hibernation  Hex/Ice        2%         N/A       87%         2
 Sublimation of Blood     Necr           1%         N/A       87%         2
 Wereblood                Tmut           1%         N/A       87%         2
 Conjure Flame            Conj/Fire      1%         6-21      98%         3
 Inner Flame              Hex/Fire       1%         N/A       98%         3
 Spider Form              Tmut/Pois      1%         N/A       98%         3
 Anguish                  Hex/Necr       0%         N/A       100%        4
 Flame Wave               Conj/Fire      1%         2d4       100%        4
 Manifold Assault         Tloc           1%         N/A       100%        5
 Storm Form               Tmut/Air       0%         N/A       100%        7
 Summon Hydra             Summ           0%         N/A       100%        7


Dungeon Overview and Level Annotations

Branches:
Dungeon (9/15)             Temple (1/1) D:5          Bailey (1/1)
   Lair: D:8-11         Orc: D:9-12

Altars:
Ashenzari
Cheibriados
Dithmenos
Elyvilon
Fedhas
Gozag
Hepliaklqana
Kikubaaqudgha
Nemelex Xobeh
Okawaru
Ru
Sif Muna
Trog
Uskayaw
Wu Jian
Zin
The Shining One

Shops:
D:5 *


Innate Abilities, Weirdness & Mutations

You have razor-sharp teeth.
Your natural rate of healing is unusually fast.
When hurt, damage is shared between your health and your magic reserves.
Your bite disrupts and absorbs the magic of your enemies.
Potions cannot restore your health.


Message History

The orc warrior is heavily wounded.
The orc warrior barely misses you. The orc misses you.
You block the orc warrior's attack.
You hit the orc warrior but do no damage.
Your bite misses the orc warrior.
The orc warrior is heavily wounded.
The orc warrior barely misses you. The orc hits you with a +0 hand axe.
The orc warrior hits you with a +0 war axe!
You barely miss the orc warrior. You bite the orc warrior! You drain its power.
You feel invigorated.
The orc warrior is almost dead.
You block the orc warrior's attack. The orc hits you but does no damage.
The orc warrior hits you with a +0 war axe!
You barely miss the orc warrior.
The orc warrior is almost dead.
The orc warrior hits you but does no damage.
The orc hits you with a +0 hand axe. You block the orc warrior's attack.
The orc warrior hits you with a +0 war axe.
You block the orc warrior's attack.
You barely miss the orc warrior. You bite the orc warrior. You drain its power.
You feel invigorated.
The orc warrior is almost dead.
The orc warrior closely misses you.
The orc warrior hits you with a +0 war axe!
The orc warrior barely misses you.
You closely miss the orc warrior.
You bite the orc warrior, but do no damage.
The orc warrior is almost dead.
The orc warrior hits you with a +0 war axe!!
* * * LOW HITPOINT WARNING * * *
You block the orc warrior's attack.
The orc warrior hits you with a +0 war axe!
* * * LOW HITPOINT WARNING * * *
The orc knight roars a battlecry!
Okay, then.
You block the orc warrior's attack.
The orc warrior attacks as you move away!
The orc warrior hits you with a +0 war axe!!
You die...
Fedhas appreciates your contribution to the ecosystem.

### ### ###.### ###.###
###.....### ###.....###
##.........###.........##
#..........o#...........#
#........)goooo.........#
#.....⌠.....#o@...⌠.....#
#...........#...........#
#...........#...........#
##.........###.........###
#'#.....###
###.....#'#.### .o.###.###
###.###.....###♣ .o.. ###
###.........## .....
#...........# .......
#...........'


You could see an orc knight, 4 orc warriors, a gnoll and an orc (strong).

Vanquished Creatures
  A wraith (D:7)
  10 yaks (D:9)
  3 water moccasins
  An ice beast (D:7)
  10 orc warriors
  A sky beast (D:8)
  4 centaurs
  A phantom (D:3)
  A kobold brigand (D:8)
  A bullfrog (D:6)
  A scorpion (D:4)
  2 gnoll sergeants
  4 wights (D:7)
  5 killer bees (D:8)
  3 howler monkeys
  7 hounds
  2 orc priests
  An iron imp (D:5)
  3 iguanas (D:6)
  Jessica (D:2)
  Ijyb (D:3)
  8 orc wizards
  Terence (D:2)
  15 gnolls
  11 adders
  A white imp (D:3)
  A worm (D:4)
  4 dart slugs
  28 orcs
  6 ball pythons
  3 endoplasms
  4 giant cockroaches
  18 goblins
  11 hobgoblins
  2 quokkas
  5 bats
  5 frilled lizards
  6 kobolds
  A rat (D:2)
193 creatures vanquished.

Vanquished Creatures (others)
  A bullfrog (D:7)
  A plant (D:5)
2 creatures vanquished.

Grand Total: 195 creatures vanquished

Notes
Turn   | Place    | Note
-------+----------+-------------------------------------------
     0 | D:1      | Descartes the Vine Stalker Fighter began the quest for the
                  | Orb.
     0 | D:1      | Reached XP level 1. HP: 11/11 MP: 2/2
   151 | D:1      | Reached XP level 2. HP: 16/16 MP: 3/3
   239 | D:1      | Found a faded altar of an unknown god.
   752 | D:2      | Reached XP level 3. HP: 18/19 MP: 3/5
   963 | D:2      | Noticed Jessica
   971 | D:2      | Killed Jessica
   972 | D:2      | Reached skill level 1 in Spellcasting
   972 | D:2      | Reached skill level 1 in Invocations
  1220 | D:2      | Gained mutation: Your natural rate of healing is unusually
                  | fast. [Vine Stalker growth]
  1220 | D:2      | Reached XP level 4. HP: 24/24 MP: 6/6
  1234 | D:2      | Noticed Terence
  1246 | D:2      | Killed Terence
  1247 | D:2      | Reached skill level 1 in Evocations
  1722 | D:3      | Found a hide-covered altar of Uskayaw.
  1771 | D:3      | Noticed Ijyb
  1782 | D:3      | Killed Ijyb
  1783 | D:3      | Reached XP level 5. HP: 13/28 MP: 6/8
  2555 | D:4      | Noticed a phantom
  2579 | D:3      | Killed a phantom
  2580 | D:3      | Reached XP level 6. HP: 31/32 MP: 10/10
  2866 | D:4      | Reached XP level 7. HP: 36/36 MP: 11/11
  2947 | D:4      | Identified the amulet "Okhlaot" {Spirit +Blink rC+ rCorr
                  | Int-4}
  3353 | D:5      | Entered Level 5 of the Dungeon
  3696 | D:5      | Found a staircase to the Ecumenical Temple.
  3896 | Temple   | Entered the Ecumenical Temple
  3959 | Temple   | Became a worshipper of Fedhas Madash
  3989 | D:5      | Found Oduxiterropn's Serpentskin Sales.
  3999 | D:5      | Gained mutation: You have razor-sharp teeth. [Vine Stalker
                  | growth]
  3999 | D:5      | Reached XP level 8. HP: 34/42 MP: 13/13
  4168 | D:5      | Found a snail-covered altar of Cheibriados.
  4734 | D:6      | Found a sacrificial altar of Ru.
  5340 | D:7      | Reached * piety under Fedhas
  5349 | D:7      | Noticed a wraith
  5367 | D:7      | Killed a wraith
  5368 | D:7      | Reached XP level 9. HP: 30/46 MP: 16/16
  6143 | D:8      | Reached skill level 5 in Shields
  6152 | D:8      | Reached skill level 5 in Fighting
  6558 | D:8      | Identified the amulet of Qisin {Acrobat -Tele rN+++ Str-5
                  | Stlth+}
  6754 | D:8      | Reached ** piety under Fedhas
  7069 | D:8      | Identified the +2 helmet of Baleful the Leaf {-Tele Harm
                  | Dex+3 Stlth+}
  7252 | D:9      | Found a glowing silver altar of Zin.
  7252 | D:9      | Found an ornate altar of the Wu Jian Council.
  7252 | D:9      | Found a shimmering blue altar of Sif Muna.
  7253 | D:9      | Found an ancient bone altar of Kikubaaqudgha.
  7255 | D:9      | Found a sparkling altar of Nemelex Xobeh.
  7256 | D:9      | Found a glowing golden altar of the Shining One.
  7278 | D:9      | Found an opulent altar of Gozag.
  7301 | D:9      | Reached skill level 5 in Spellcasting
  7304 | D:9      | Reached skill level 5 in Polearms
  7304 | D:9      | Reached skill level 5 in Invocations
  7304 | D:9      | Reached XP level 10. HP: 20/51 MP: 18/18
  7312 | D:9      | Reached skill level 5 in Armour
  7438 | D:9      | Found a flagged portal.
  7447 | Bailey   | Entered a bailey
  7654 | Bailey   | Reached skill level 5 in Evocations
  7834 | Bailey   | Reached *** piety under Fedhas
  7914 | Bailey   | Noticed an orc knight
  7939 | Bailey   | Mangled by an orc warrior

Illustrated notes

Levels and vault maps discovered:
D:1:      amcnicky_arrival_blooded_trapdoor, layout_loops_ring,
          ebering_ecumenical_altar_ruins
D:2:      layout_loops_corners, minmay_surrounded, uniq_jessica, uniq_terence
D:3:      layout_rooms, nicolae_overflow_crystal_walls,
          chequers_serial_rivers_micro_c, grunt_decor_clamped, uniq_ijyb
D:4:      layout_basic, kennysheep_opposing_triangles
D:5:      layout_layer_cave, slow_altar_1, minmay_temple_entry_gardened_gates,
          guppyfry_shop_venom
D:6:      layout_basic, mainiacjoe_overflow_alcove_4, st_stairs_8
D:7:      layout_basic, lemuel_flamethrower_2
D:8:      layout_basic, grunt_ministairs_3, minmay_fountain_box
D:9:      layout_small_grid, grunt_temple_overflow_open, grunt_qazlal_clouds,
          mainiacjoe_overflow_concentric_impassable,
          lemuel_mausoleum_altar_yredelemnul, ebering_ghost_inner_flame,
          enter_bailey_6
Temple:   hellmonk_temple_of_storms
Bailey:   bailey_axe_minmay_hex_keep, bailey

Skill      XL: |  1  2  3  4  5  6  7  8  9 10 |
---------------+-------------------------------+-----
Polearms       | 2 3 4 5 |  5.5
Fighting       | 3 4 5 6 |  6.0
Spellcasting   | 1 2 3 4 5 |  5.7
Invocations    | 1 2 3 5 |  5.7
Shields        | 3 4 5 6 |  6.0
Evocations     | 1 2 3 4 5 |  5.1
Armour         | 3 4 5 |  5.4

Action                   |  1- 3 |  4- 6 |  7- 9 | 10-12 || total
-------------------------+-------+-------+-------+-------++-------
Melee: Trident           |    86 |   181 |   493 |   187 ||   947
       Bite              |     9 |    36 |    98 |    64 ||   207
Throw: Dart              |       |       |     1 |       ||     1
  Use: Scroll            |       |       |     9 |       ||     9
       Potion            |       |       |     4 |       ||     4
Armor: Scale mail        |    29 |    62 |       |       ||    91
       Chain mail        |       |    91 |   136 |       ||   227
       Ring mail         |       |       |   170 |   114 ||   284
       Skin              |       |       |    27 |       ||    27
Dodge: Dodged            |    27 |    71 |   168 |    84 ||   350
Block: Buckler           |    18 |    43 |    75 |       ||   136
       Kite shield       |       |       |   114 |   134 ||   248
